 Dungeon Crawl Stone Soup version 0.26-a0-403-g5864c69 (webtiles) character file.

Game seed: 17798458308243279067

24 Cheivey the Chiller (level 2, 0/20 HPs)
             Began as a Draconian Ice Elementalist on July 23, 2020.
             Slain by a rat (3 damage)
             ... on level 1 of the Dungeon.
             The game lasted 00:01:21 (1244 turns).

Cheivey the Chiller (Draconian Ice Elementalist)    Turns: 1244, Time: 00:01:22

Health: 0/20       AC:  4    Str: 10    XL:     2   Next: 79%
Magic:  1/5        EV: 12    Int: 15    God:
Gold:   23         SH:  0    Dex: 11    Spells: 4/5 levels left

rFire    . . .     SeeInvis .   a - +0 whip
rCold    . . .     Faith    .   (no shield)
rNeg     . . .     Spirit   .   (armour unavailable)
rPois    +         Reflect  .   (helmet restricted)
rElec    .         Harm     .   (no cloak)
rCorr    .                      (no gloves)
MR       .....                  (no boots)
Stlth    ++........             (no amulet)
HPRegen  0.06/turn              d - ring of poison resistance
MPRegen  0.09/turn              (no ring)

@: no status effects
A: unfitting armour, cold-blooded, AC +4
a: no special abilities


You were on level 1 of the Dungeon.
You visited 1 branch of the dungeon, and saw 1 of its levels.

You collected 23 gold pieces.

Inventory:

Hand Weapons
 a - a +0 whip (weapon)
Jewellery
 d - a ring of poison resistance (left hand)
Scrolls
 b - a scroll of teleportation {unknown}
 c - a scroll of immolation {unknown}


   Skills:
 + Level 2.0 Dodging
 + Level 1.8 Stealth
 - Level 0.5 Unarmed Combat
 + Level 2.0 Spellcasting
 + Level 4.6 Ice Magic


You had 4 spell levels left.
You knew the following spells:

 Your Spells              Type           Power        Failure   Level
a - Freeze                Ice            ###.         3%          1

Your spell library contained the following spells:

 Spells                   Type           Power        Failure   Level
 Frozen Ramparts          Ice            ###...       10%         3
 Ozocubu's Armour         Ice            ###.....     10%         3
 Hailstorm                Conj/Ice       #.......     65%         4
 Summon Ice Beast         Ice/Summ       #.......     65%         4


Dungeon Overview and Level Annotations

Branches:
Dungeon (1/15)

Altars:


Innate Abilities, Weirdness & Mutations

Your plain brown scales are hard. (AC +4)
You cannot fit into any form of body armour.
You are cold-blooded and may be slowed by cold attacks.


Message History

You freeze the rat!
You kill the rat!
The rat bites you but does no damage.
Casting: Freeze (safe; 3% risk of failure)
Confirm with . or Enter, or press ? or * to list all spells.
Aiming: Freeze (safe; 3% risk of failure)
Press: ? - help, Shift-Dir - straight line, f - ooze
Aim: an ooze (lightly wounded)
You freeze the ooze.
The ooze is heavily wounded.
The rat barely misses you. The ooze barely misses you.
Casting: Freeze (safe; 3% risk of failure)
Confirm with . or Enter, or press ? or * to list all spells.
Aiming: Freeze (safe; 3% risk of failure)
Press: ? - help, Shift-Dir - straight line, f/p - ooze
Aim: an ooze (heavily wounded)
You freeze the ooze.
The ooze is almost dead.
The rat bites you.
You die...

######.#.##...#####
#.....###...†.....# #
#.####.#.##...###.[..
. #.# #.# ##.##
#.####.# #.# ### #.#
#...>#.# #.# #.#
##......### #.#
###.###.......... #.#
#...J..........## #.#
#.#@r...†......?. #.#
#.####.......###. #.#
#.# ##......# ##.#
#.# ##.....# #..# #.#
##...... #.## #.#
##.###.. #.#
#####.####### .# ..#
#.# #............ .#
.#
#.#####.##.########


You could see an ooze and a rat.

Vanquished Creatures
  An ooze (D:1)
  2 dart slugs (D:1)
  A leopard gecko (D:1)
  3 goblins (D:1)
  2 hobgoblins (D:1)
  2 bats (D:1)
  2 kobolds (D:1)
  4 rats (D:1)
17 creatures vanquished.

Notes
Turn   | Place    | Note
-------+----------+-------------------------------------------
     0 | D:1      | Cheivey the Draconian Ice Elementalist began the quest for
                  | the Orb.
     0 | D:1      | Reached XP level 1. HP: 14/14 MP: 3/3
   224 | D:1      | Reached XP level 2. HP: 15/20 MP: 5/5
  1244 | D:1      | Slain by a rat

Illustrated notes

Levels and vault maps discovered:
D:1:      eino_arrival_cavern_d, layout_loops_ring

Skill      XL: |  1  2 |
---------------+-------+-----
Dodging        | 2 |  2.0
Stealth        | |  1.8
Unarmed Combat | |  0.5
Spellcasting   | |  2.0
Ice Magic      | |  4.6

Action                   || total
-------------------------++-------
Melee: Unarmed           ||    54
       Tailslap          ||     6
       Whip              ||    22
 Cast: Freeze            ||    13
Armor: Skin              ||    26
Dodge: Dodged            ||    70

Table legend: (Time is in decaauts)
 A = Elapsed time spent in this place.
 B = Non-inter-level travel time spent in this place.
 C = Inter-level travel time spent in this place.
 D = Time resting spent in this place.
 E = Time spent auto-exploring this place.
 F = Levels seen in this place.
 G = Mean time per level.
                   A        B        C        D        E       F      G
               +--------+--------+--------+--------+--------+-----+--------+
         Total |   1245 |   1245 |      0 |    478 |    604 |   1 | 1245.0 |
       Dungeon |   1245 |   1245 |      0 |    478 |    604 |   1 | 1245.0 |
               +--------+--------+--------+--------+--------+-----+--------+

Top non-repeatable levels by time:
     D:1: 1245 daAuts
